 Dungeon Crawl Stone Soup version 0.19-a0-1195-ge0bab27 (webtiles) character file.

36 Kurtz the Conjurer (level 3, 31/31 HPs)
             Began as an Ogre Conjurer on Aug 19, 2016.
             Quit the game on level 2 of the Dungeon on Aug 20, 2016.
             The game lasted 00:03:32 (1242 turns).

Kurtz the Conjurer (Ogre Conjurer)                  Turns: 1242, Time: 00:03:32

Health: 31/31      AC:  3    Str: 13    XL:     3   Next: 37%
Magic:  7/7        EV: 10    Int: 15    God:
Gold:   0          SH:  0    Dex: 10    Spells: 1 memorised, 7 levels left

rFire  . . .     SeeInvis +     l - -3 whip (curse)
rCold  . . .     Gourm    .     a - +0 robe
rNeg   . . .     Faith    .     (no shield)
rPois  .         Spirit   .     (helmet restricted)
rElec  .         Dismiss  .     (no cloak)
rCorr  .         Reflect  .     (gloves unavailable)
MR     .....     Harm     .     (boots unavailable)
Stlth  ..........               (no amulet)
                                j - ring of loudness (curse)
                                g - ring of see invisible

@: no status effects
A: unfitting armour, tough skin 1
a: no special abilities


You were on level 2 of the Dungeon.
You were not hungry.

You visited 1 branch of the dungeon, and saw 2 of its levels.

Inventory:

Hand Weapons
 l - a cursed -3 whip (weapon)
Armour
 a - a +0 robe (worn)
Jewellery
 g - a ring of see invisible (left hand)
 j - a cursed ring of loudness (right hand)
Scrolls
 e - a scroll of enchant armour
 h - a scroll of immolation
Potions
 i - a potion of mutation {unknown}
Books
 b - a book of Conjurations

   Spells                             Type                      Level
   a - Magic Dart                     Conjuration                  1
   b - Searing Ray                    Conjuration                  2
   c - Dazzling Spray                 Conjuration/Hexes            3
   d - Fulminant Prism                Conjuration/Hexes            4
   e - Iskenderun's Mystic Blast      Conjuration                  4
   f - Iskenderun's Battlesphere      Conjuration/Charms           5
Comestibles
 c - a bread ration
 d - 7 chunks of flesh


   Skills:
 - Level 1.7 Dodging
 - Level 1.5 Stealth
 * Level 3.2 Spellcasting
 + Level 3.5 Conjurations


You had 7 spell levels left.
You knew the following spells:

 Your Spells              Type           Power        Failure   Level  Hunger
a - Magic Dart            Conj           ##..         6%          1    #......


Dungeon Overview and Level Annotations

Branches:
Dungeon (2/15)

Altars:


Innate Abilities, Weirdness & Mutations

You are too large for most types of armour.
You have tough skin. (AC +1)


Message History

h - a scroll of immolation
As you read the scroll labeled WIAGEU MABB, it crumbles to dust.
It is a scroll of amnesia.
Forget which spell ([?*] list [ESC] exit)?
Forget which spell ([?*] list [ESC] exit)?
Okay, then.
Eating one of 8 chunks of flesh.
You start eating one of the 8 chunks of flesh.
You are feeling hungry.
You continue eating. x2
You finish eating.
This raw flesh tastes terrible.
A worm comes into view.
A worm is nearby!
Casting: Magic Dart
Confirm with . or Enter, or press ? or * to list all spells.
Aiming: Magic Dart
Press: ? - help, Shift-Dir - straight line, f - worm
Aim: a worm
Okay, then.
Are you sure you want to abandon this character and quit the game? (Confirm with "yes".)

#.#.##.........####.###.#
. ............<.).......#
.#.##....#....####.###.#
#.#.....................#
# .................###.#
####....##...####.# #.#
.............# #.# #.#
........##...# #.# #.#
.......@###..####.###.#
#..#..................#
#. #..#.###...###.###.#
#..#.# #...###.###.#
.....w. .........##.##
.... ... ..............
#.... ... ..............
##.# .#####....######.#.
#.... #.#.


You could see a worm.

Vanquished Creatures
  A dart slug (D:1)
  A ball python (D:1)
  4 bats (D:1)
  3 giant cockroaches (D:1)
  5 goblins
  5 hobgoblins
  2 jackals (D:1)
  A giant newt (D:1)
  4 kobolds (D:1)
  5 rats
31 creatures vanquished.

Notes
Turn   | Place    | Note
-------+----------+-------------------------------------------
     0 | D:1      | Kurtz the Ogre Conjurer began the quest for the Orb.
     0 | D:1      | Reached XP level 1. HP: 16/16 MP: 3/3
   210 | D:1      | Reached XP level 2. HP: 24/24 MP: 2/5
   651 | D:1      | Reached XP level 3. HP: 23/31 MP: 0/7
  1242 | D:2      | Quit the game

Vault maps used:
D:1:      dpeg_chamrin_arrival_tetris
D:2:      first_bread

Skill      XL: |  1  2  3 |
---------------+----------+-----
Conjurations   | 3 |  3.5
Spellcasting   | 3 |  3.2
Dodging        | |  1.7
Stealth        | |  1.5

Action                   || total
-------------------------++-------
Melee: Unarmed           ||    43
 Cast: Magic Dart        ||    63
  Use: Scroll            ||     3
  Eat: Chunk             ||     2
Armor: Robe              ||    25
Dodge: Dodged            ||    40
